Map: Ever Dream LE

Players

TIME (Oliveira) - Winner!

  • Race: Terran Terran
  • Spawn Location: 1:00

HeroMarine

  • Race: Terran Terran
  • Spawn Location: 7:00

Event: DreamHack SC2 Masters 2020 Summer Season Finals

VOD

Have the link to the VOD?

Description

Time

  • Played on: July 16, 2020, 11:36 a.m.
  • Length: 18:42

All games in this series

Show
View Real Time Build Order
Export as new Build Order

TIME Terran - Winner!

Build Orders: Reaper Expand 

Get SALT Encoding   

  12  0:00  SCV  
  13  0:13  SCV  
  14  0:17  Supply Depot  
  14  0:25  SCV  
  15  0:39  SCV  
  15  0:41  Barracks  
  16  0:44  Refinery  
  16  0:51  SCV  
  17  1:03  SCV  
  18  1:15  SCV  
  19  1:29  Reaper, Orbital Command  
  20  1:43  Command Center  
  20  1:49  Supply Depot  
  20  1:55  SCV  
  21  2:01  Marine  
  21  2:07  SCV  
  23  2:09  Factory  
  23  2:15  Bunker  
  23  2:19  SCV  
  23  2:20  Marine  
  25  2:26  Refinery  
  25  2:31  SCV  
  26  2:38  Marine  
  26  2:44  SCV  
  28  2:53  Starport  
  28  2:54  Hellion  
  28  2:56  Orbital Command  
  30  2:58  SCV  
  30  3:01  Barracks Reactor  
  31  3:11  SCV  
  32  3:17  Factory Tech Lab  
  32  3:23  SCV x2  
  34  3:31  Starport Tech Lab  
  34  3:35  SCV x2  
  34  3:36  Cyclone  
  34  3:38  Marine x2  
  34  3:39  Supply Depot  
  41  3:47  SCV x2  
  43  3:56  Marine x2  
  43  3:59  SCV  
  43  4:00  Raven  
  43  4:01  SCV  
  49  4:04  Command Center  
  49  4:07  Supply Depot  
  49  4:12  SCV  
  49  4:13  SCV  
  51  4:23  Siege Tank  
  54  4:26  Supply Depot  
  54  4:28  SCV x2, Marine x2  
  56  4:40  SCV x2  
  58  4:46  Viking, Marine  
  58  4:47  Marine  
  61  4:53  SCV  
  61  4:56  SCV  
  63  5:00  Barracks  
  63  5:01  Barracks  
  63  5:04  Marine  
  63  5:06  SCV  
  63  5:14  SCV  
  63  5:18  Refinery x2  
  63  5:19  SCV  
  64  5:25  Orbital Command  
  64  5:26  SCV  
  64  5:27  Siege Tank  
  67  5:32  Starport Reactor, Marine  
  67  5:33  SCV  
  68  5:38  SCV  
  68  5:41  Engineering Bay x2, Refinery  
  69  5:46  SCV  
  60  5:59  SCV x2  
  60  6:01  SCV  
  60  6:03  Marine  
  60  6:05  Barracks Reactor, Refinery  
  60  6:07  Terran Infantry Weapons Level 1  
  60  6:11  SCV  
  61  6:12  Stimpack  
  61  6:15  SCV, Orbital Command  
  61  6:17  Barracks  
  63  6:19  Barracks  
  63  6:21  Marine x2  
  63  6:23  SCV  
  63  6:24  Terran Infantry Armor Level 1  
  65  6:26  Supply Depot  
  65  6:27  SCV  
  65  6:28  Marine  
  65  6:29  Supply Depot  
  67  6:35  Siege Tank  
  67  6:38  SCV  
  67  6:39  SCV, Marine  
  73  6:42  SCV  
  73  6:44  Marine x3  
  73  6:46  Marine  
  78  6:48  Supply Depot  
  78  6:50  SCV  
  78  6:53  SCV  
  80  6:54  SCV  
  80  6:56  Marine  
  80  6:58  Viking x2  
  85  7:03  SCV, Supply Depot  
  85  7:07  SCV  
  87  7:09  Siege Tank  
  87  7:14  Marine  
  88  7:15  Barracks Reactor  
  88  7:16  Barracks Reactor  
  88  7:17  SCV  
  88  7:18  SCV  
  88  7:19  SCV  
  88  7:21  Marine x2  
  93  7:22  Marine  
  93  7:27  Marine  
  93  7:29  SCV  
  95  7:30  SCV, Supply Depot  
  95  7:31  Marine  
  95  7:34  SCV  
  98  7:38  Marine  
  98  7:40  Medivac x2, Refinery x2  
  98  7:41  SCV  
  98  7:42  Marine  
  98  7:43  Marine  
  106  7:46  SCV  
  106  7:49  SCV, Marine  
  110  7:53  Siege Tank  
  110  7:54  SCV  
  110  7:56  Marine x2  
  110  7:57  Supply Depot  
  110  7:58  SCV, Combat Shield  
  116  7:59  Marine  
  116  8:00  Marine  
  116  8:01  SCV  
  116  8:03  Marine  
  120  8:08  Marine x2  
  120  8:09  Supply Depot  
  120  8:12  Marine  
  123  8:19  Medivac x2, Marine  
  129  8:21  Supply Depot x2  
  129  8:23  Armory, Marine  
  129  8:24  Marine x2  
  131  8:30  Marine  
  132  8:39  Marine x2  
  134  8:41  Command Center  
  134  8:43  Marine x2  
  134  8:45  Sensor Tower  
  134  8:46  Marine x2  
  135  9:05  Marine  
  135  9:08  Marine  
  131  9:11  Marine x2  
  102  9:17  Marine x2  
  102  9:19  Medivac x2, Marine x3, Siege Tank  
  102  9:20  Terran Infantry Armor Level 2, Terran Infantry Weapons Level 2  
  102  9:22  SCV  
  102  9:23  SCV, Marine  
  112  9:24  SCV  
  112  9:26  Marine  
  112  9:29  Marine x2  
  112  9:30  Factory  
  116  9:31  Terran Vehicle Weapons Level 1  
  116  9:35  Marine x2  
  116  9:37  Marine x3  
  121  9:40  SCV  
  121  9:41  Marine  
  121  9:43  Marine  
  123  9:53  Marine  
  123  9:54  Marine x3  
  123  9:55  Marine, Siege Tank  
  123  9:56  Medivac x2  
  123  9:57  Marine x2  
  123  9:58  Marine  
  135  10:03  Marine  
  136  10:09  Planetary Fortress  
  136  10:10  SCV x2  
  136  10:11  Marine x2  
  136  10:12  Supply Depot, Marine x2  
  142  10:18  Marine x3  
  142  10:19  Supply Depot  
  142  10:20  Factory Tech Lab  
  145  10:25  Marine  
  147  10:28  Siege Tank  
  147  10:29  Viking x2, Marine  
  147  10:32  Supply Depot  
  147  10:35  Marine x3  
  157  10:37  Marine x2  
  157  10:38  Missile Turret  
  157  10:39  SCV, Missile Turret  
  157  10:40  SCV  
  161  10:43  Siege Tank  
  161  10:47  Marine  
  165  10:50  Marine x2  
  165  10:55  Supply Depot, Missile Turret  
  165  10:56  Marine  
  168  10:57  Marine, Sensor Tower  
  168  10:59  Marine  
  170  11:17  Marine  
  138  11:21  Marine  
  138  11:23  Marine  
  138  11:24  Marine x3  
  138  11:25  Marine, Siege Tank  
  139  11:26  Marine x2, Siege Tank  
  139  11:28  Viking x2  
  139  11:31  Terran Vehicle Weapons Level 2  
  145  11:35  Marine  
  145  11:38  Command Center  
  145  11:39  Marine  
  147  11:41  Marine x2  
  147  11:42  Marine x2  
  147  11:44  Terran Infantry Weapons Level 3, Terran Infantry Armor Level 3  
  147  11:45  Marine x2  
  135  12:07  Marine  
  131  12:10  Marine  
  131  12:11  Marine x2, Siege Tank  
  131  12:12  Siege Tank  
  131  12:14  Viking x2, Marine x2  
  142  12:18  Marine  
  142  12:19  Refinery x2  
  142  12:22  Marine x2  
  145  12:26  Marine  
  145  12:28  Marine, Starport  
  145  12:29  Marine, Starport  
  146  12:34  Marine  
  143  12:39  Marine  
  143  12:40  Marine  
  143  12:41  Marine x2  
  143  12:43  Marine x2, Siege Tank  
  149  12:47  Viking, Siege Tank  
  149  12:48  Viking, Marine  
  149  12:49  Marine  
  158  12:54  Marine  
  158  12:57  Marine  
  160  13:00  Marine  
  160  13:03  Marine x2  
  160  13:05  Starport Tech Lab x2  
  162  13:06  Marine x3  
  162  13:07  Marine  
  162  13:12  Marine  
  166  13:13  SCV  
  166  13:14  Marine  
  166  13:18  Marine  
  169  13:21  Marine  
  169  13:22  Siege Tank  
  169  13:25  Marine x2  
  175  13:27  Raven  
  175  13:29  Command Center  
  175  13:30  Raven, Command Center  
  179  13:35  Planetary Fortress  
  179  13:38  Missile Turret  
  179  13:46  Corvid Reactor  
  179  13:47  Siege Tank  
  182  13:50  Refinery, Marine x2  
  182  13:51  Refinery  
  182  13:52  Viking  
  182  13:55  Viking  
  188  13:56  Marine  
  188  14:02  Marine x4  
  190  14:07  Marine x2  
  190  14:08  Siege Tank  
  198  14:10  Terran Vehicle And Ship Armor Level 1  
  198  14:13  Raven  
  199  14:24  Marine  
  195  14:32  Marine x2  
  195  14:33  Marine  
  195  14:36  Raven  
  195  14:37  Viking x2  
  195  14:38  Marine x3, Siege Tank  
  199  14:40  Hi-Sec Auto Tracking, Neosteel Armor  
  199  14:41  Planetary Fortress  
  199  14:43  Orbital Command  
  199  15:01  Marine  
  192  15:25  Marine x2  
  192  15:27  Marine x2  
  154  15:28  Liberator x2  
  154  15:29  Raven x2, Marine  
  154  15:30  Marine x4  
  167  15:38  Siege Tank  
  167  15:40  Siege Tank  
  173  15:42  Marine  
  173  15:43  Marine  
  173  15:44  Unknown, Marine x2  
  173  15:47  Marine x3  
  180  15:52  Barracks  
  180  15:55  Marine, Barracks  
  180  15:56  Marine  
  182  15:57  Barracks  
  182  16:01  Marine  
  182  16:03  Marine  
  182  16:04  Marine x2  
  186  16:13  Marine  
  187  16:19  Marine  
  187  16:23  Raven x2  
  190  16:26  Viking  
  190  16:28  Marine  
  190  16:30  Marine  
  194  16:39  Siege Tank  
  159  16:40  Marine x2  
  159  16:42  Marine  
  159  16:44  Viking, Marine  
  159  16:45  Siege Tank  
  159  16:46  Marine x2  
  163  16:52  Marine  
  161  16:55  Marine x2  
  161  16:57  Viking  
  161  16:58  Marine  
  166  17:01  Command Center  
  166  17:02  Marine  
  166  17:04  Marine  
  166  17:06  Raven x2  
  166  17:07  Marine x2  
  174  17:08  Barracks Reactor  
  174  17:10  Barracks Reactor  
  174  17:14  Viking  
  173  17:16  Marine x2  
  173  17:19  Marine  
  173  17:20  Marine  
  173  17:21  Siege Tank  
  173  17:22  Marine x3  
  180  17:38  Marine x2  
  180  17:40  Marine  
  180  17:41  Viking, Marine x3  
  180  17:44  Viking  
  177  17:46  Marine, Siege Tank  
  177  17:49  Marine  
  179  17:53  Marine x2  
  179  17:55  Hellbat  
  179  17:56  Command Center  
  179  17:58  Command Center  
  166  18:00  Marine  
  166  18:03  Marine x2  
  153  18:05  Marine x2  
  153  18:09  Marine x3  
  153  18:10  Marine x3  
  161  18:14  Marine x2  
  161  18:18  Barracks Reactor  
  161  18:19  Marine  
Show
View Real Time Build Order
Export as new Build Order

HeroMarine Terran 

Build Orders:  

Get SALT Encoding   

  12  0:01  SCV  
  13  0:13  SCV  
  14  0:17  Supply Depot  
  14  0:25  SCV  
  15  0:30  Refinery  
  15  0:38  SCV  
  16  0:44  Barracks  
  16  0:50  SCV  
  16  0:54  Refinery  
  17  1:02  SCV  
  18  1:14  SCV  
  19  1:31  Reaper, Orbital Command  
  20  1:34  Factory  
  20  1:42  Supply Depot  
  20  1:56  SCV  
  21  2:03  Reaper  
  22  2:08  SCV  
  23  2:17  Hellion  
  23  2:20  SCV  
  26  2:25  Command Center  
  26  2:33  SCV  
  26  2:36  Barracks Reactor  
  27  2:38  Supply Depot  
  27  2:40  Factory Tech Lab  
  27  2:45  SCV  
  28  2:57  SCV  
  29  3:00  Cyclone, Starport  
  32  3:09  SCV  
  32  3:12  Marine x2  
  35  3:17  Refinery  
  35  3:21  SCV  
  36  3:30  Marine x2  
  36  3:33  SCV  
  39  3:37  Siege Tank  
  39  3:40  Medivac  
  44  3:45  Orbital Command  
  44  3:46  SCV  
  45  3:50  Marine  
  45  3:51  Marine  
  47  3:58  SCV  
  48  4:06  Supply Depot  
  48  4:09  Siege Tank  
  51  4:10  Starport Tech Lab  
  51  4:13  SCV x2  
  53  4:19  Marine  
  54  4:28  SCV, Marine  
  54  4:29  Supply Depot  
  56  4:31  Raven  
  56  4:34  SCV  
  56  4:37  Marine  
  59  4:40  SCV  
  59  4:46  Marine  
  59  4:47  SCV  
  59  4:52  SCV, Siege Tank  
  63  4:55  Marine  
  63  4:59  SCV  
  65  5:03  Marine  
  65  5:04  SCV  
  67  5:10  Supply Depot  
  67  5:11  SCV  
  67  5:13  Marine  
  65  5:14  Raven  
  65  5:16  SCV  
  68  5:21  Marine  
  68  5:23  SCV  
  70  5:31  SCV, Marine, Siege Tank  
  70  5:34  Command Center  
  70  5:35  SCV  
  76  5:39  Marine  
  77  5:43  SCV  
  77  5:49  SCV, Marine  
  77  5:55  SCV  
  71  5:57  Marine  
  71  6:01  SCV  
  67  6:05  Refinery, Barracks  
  67  6:06  Barracks  
  67  6:08  Engineering Bay  
  67  6:10  Engineering Bay, Siege Tank  
  69  6:13  SCV  
  70  6:19  Viking x2  
  70  6:20  SCV  
  70  6:24  Stimpack, Marine  
  75  6:25  SCV  
  75  6:32  SCV  
  77  6:37  SCV  
  78  6:46  Marine, Siege Tank  
  78  6:47  Orbital Command  
  82  6:48  Terran Infantry Weapons Level 1, Terran Infantry Armor Level 1  
  84  6:57  Barracks Reactor  
  84  6:58  Starport Reactor  
  84  6:59  Barracks x2  
  84  7:00  SCV x2  
  84  7:07  Marine x3  
  87  7:13  SCV  
  82  7:20  Siege Tank  
  84  7:23  SCV  
  84  7:25  SCV, Marine x3  
  89  7:30  Orbital Command  
  89  7:34  Marine x2  
  89  7:35  Medivac  
  93  7:38  Supply Depot  
  93  7:39  SCV x2, Medivac  
  93  7:42  Supply Depot  
  93  7:43  Marine x2  
  99  7:51  SCV x2  
  99  7:57  Barracks Reactor  
  99  7:58  Barracks Reactor  
  101  8:00  SCV  
  101  8:02  Siege Tank  
  101  8:04  SCV x2  
  101  8:05  Marine x3  
  109  8:08  Supply Depot  
  109  8:11  Refinery  
  109  8:12  SCV, Refinery  
  110  8:16  SCV x2, Marine x2  
  113  8:22  Armory, Marine  
  113  8:23  Combat Shield, Marine  
  113  8:24  SCV  
  115  8:32  Missile Turret  
  115  8:35  Missile Turret, Sensor Tower  
  115  8:37  Marine x7  
  122  8:45  Supply Depot  
  122  8:46  Supply Depot  
  122  8:49  Supply Depot  
  122  8:51  Siege Tank  
  122  8:54  Marine x2  
  122  8:55  Marine  
  127  8:56  Marine x2  
  127  8:57  Marine x2  
  127  8:58  Marine x2  
  127  9:09  SCV x3  
  112  9:11  Marine  
  112  9:12  Marine x2  
  112  9:13  Marine  
  112  9:14  Marine  
  112  9:15  Marine x2  
  112  9:16  Marine x2  
  110  9:21  Medivac  
  110  9:22  Medivac  
  114  9:24  Terran Infantry Armor Level 2, Terran Infantry Weapons Level 2  
  114  9:30  Marine x2  
  117  9:31  Siege Tank  
  117  9:40  Marine x2  
  117  9:42  Command Center  
  117  9:44  Marine  
  120  9:50  Marine x3  
  120  9:51  Medivac  
  120  9:52  Medivac, Marine x2  
  122  10:00  Marine  
  122  10:01  Marine  
  122  10:02  Factory, Marine  
  122  10:05  Barracks Reactor  
  125  10:08  Marine x3  
  125  10:10  Marine x2, Siege Tank  
  125  10:12  Terran Vehicle Weapons Level 1  
  133  10:15  Supply Depot  
  133  10:16  Supply Depot  
  133  10:21  Medivac  
  135  10:22  Medivac  
  135  10:23  Marine x2  
  135  10:24  Marine  
  135  10:26  Marine x3  
  141  10:33  Supply Depot  
  141  10:36  Marine  
  141  10:38  Missile Turret  
  141  10:41  Marine x2  
  141  10:42  Marine  
  145  10:43  Supply Depot, Siege Tank  
  145  10:46  Siege Tank  
  149  10:56  Viking x2  
  152  11:04  SCV x2  
  152  11:05  SCV  
  154  11:14  Marine x3  
  154  11:15  Marine x2, Siege Tank  
  154  11:16  SCV  
  154  11:18  Marine x2, Siege Tank  
  129  11:19  Marine x2  
  129  11:21  Marine  
  131  11:26  Medivac  
  131  11:32  Planetary Fortress, Marine x4  
  135  11:33  Marine  
  135  11:36  Marine  
  139  11:41  SCV x3  
  139  11:46  Viking  
  144  11:47  Marine x3, Siege Tank  
  144  11:50  Siege Tank  
  144  11:51  Sensor Tower  
  144  11:53  Marine x2  
  155  11:54  Marine x2  
  155  11:56  Viking  
  155  11:57  Marine  
  155  11:58  Marine  
  142  12:07  Marine x2  
  142  12:08  Marine x2  
  135  12:11  Marine x2  
  135  12:12  Marine x2  
  135  12:15  Marine  
  136  12:16  Viking  
  136  12:18  Marine  
  136  12:19  Siege Tank  
  143  12:25  Marine x2  
  143  12:26  Viking, Terran Infantry Weapons Level 3, Marine x2  
  143  12:29  Marine x2  
  151  12:30  Marine x2  
  151  12:33  Marine  
  151  12:35  Marine  
  154  12:42  Marine  
  154  12:43  Marine  
  154  12:44  Marine, Siege Tank  
  157  12:46  Viking, Marine  
  157  12:47  Marine  
  157  12:49  SCV x3  
  168  12:51  Marine x2, Siege Tank  
  168  12:56  Viking  
  168  12:57  Terran Infantry Armor Level 3  
  168  12:58  Marine x2  
  174  12:59  Marine  
  174  13:00  Marine x2  
  174  13:01  Marine  
  174  13:04  Marine  
  174  13:05  Marine  
  180  13:09  Marine x2  
  182  13:15  Marine  
  182  13:16  Viking, Marine  
  182  13:19  Terran Vehicle Weapons Level 2  
  186  13:21  Barracks  
  186  13:22  Supply Depot, Barracks  
  186  13:23  Barracks, Siege Tank  
  189  13:27  Missile Turret  
  189  13:45  Siege Tank  
  189  13:47  Marine x2  
  194  13:48  Missile Turret  
  194  13:49  Missile Turret  
  194  13:50  Missile Turret  
  194  13:55  Siege Tank  
  194  13:59  Command Center, Marine x2  
  194  14:25  Marine x2  
  187  14:34  Siege Tank  
  187  14:37  Viking x2  
  187  14:38  Marine x8  
  178  14:43  Barracks Reactor x2, Marine  
  178  14:44  Barracks Reactor, Marine  
  188  14:53  Starport  
  188  14:54  Starport, Siege Tank  
  188  14:56  Marine x8  
  199  15:01  Marine  
  199  15:06  Viking  
  200  15:19  Refinery  
  200  15:20  Refinery  
  200  15:21  Marine x3  
  193  15:22  Marine x3  
  193  15:26  Viking  
  193  15:28  Marine x3  
  159  15:31  Marine x7  
  166  15:35  Siege Tank  
  166  15:36  Viking, Siege Tank  
  166  15:38  Starport Tech Lab  
  166  15:39  Marine x5, Starport Tech Lab  
  166  15:42  Planetary Fortress  
  175  15:45  Marine  
  176  15:56  Viking  
  175  16:08  Siege Tank x2  
  179  16:11  Marine  
  179  16:12  Marine  
  179  16:13  Marine x2  
  179  16:14  Marine x10  
  193  16:24  Raven x2  
  193  16:25  Command Center  
  189  16:38  Marine x6  
  189  16:39  Marine x2  
  146  16:40  Siege Tank x2  
  146  16:41  Marine x8  
  152  16:55  Marine x2  
  152  16:56  Marine x4  
  152  16:58  Viking x2  
  162  17:02  Marine x2  
  162  17:06  Marine  
  162  17:07  Marine x6  
  162  17:08  Marine  
  171  17:12  Siege Tank x2  
  172  17:18  Raven x2  
  176  17:22  Marine  
  176  17:23  Marine x7  
  176  17:24  Marine  
  176  17:26  Marine x3  
  164  17:39  Marine x4  
  164  17:40  Marine  
  164  17:42  Viking x2  
  164  17:43  SCV  
  161  17:47  Marine x3  
  161  17:48  Marine x3  
  161  17:49  Marine  
  161  17:50  Marine x2  
  170  17:52  Marine x2  
  170  17:56  Marine  
  170  17:57  Marine  
  145  18:01  Medivac x2  
  145  18:02  Marine x2  
  128  18:07  Marine x2  
  128  18:08  Marine  
Tags
 
Add a new tag
Caveats
  • Supply blocks, unpowered buildings, or Contaminate may cause inaccurate times.
  • Supply counts are checked every 10 seconds.